 Dungeon Crawl Stone Soup version 0.29-a0-338-g1ff7896281 (webtiles) character file.

Game seed: 4558515659456638934

1081 Jortsu the Cudgeller (level 8, -3/78 HPs)
             Began as a Troll Fighter on Apr 19, 2022.
             Was a Follower of Okawaru.
             Slain by Pikel
             ... wielding a +0 whip of electrocution
              (6 damage)
             ... on level 5 of the Dungeon.
             The game lasted 00:08:51 (4201 turns).

Jortsu the Cudgeller (Troll Fighter)                Turns: 4201, Time: 00:08:51

Health: -3/78      AC:  4    Str: 27    XL:     8   Next: 8%
Magic:  7/7        EV:  9    Int:  4    God:    Okawaru [*.....]
Gold:   1335       SH:  9    Dex:  9    Spells: 7/7 levels left

rFire   . . .      SeeInvis .   k - +5 club
rCold   . . .      Faith    +   c - +1 kite shield
rNeg    . . .      Spirit   .   b - +0 robe
rPois   .          Reflect  .   (helmet restricted)
rElec   .          Harm     .   (no cloak)
rCorr   .          Rampage  .   (gloves unavailable)
Will    .....                   (boots unavailable)
Stlth   +.........              p - amulet of faith
HPRegen 1.03/turn               o - ring of flight
MPRegen 0.10/turn               (no ring)

@: lethally poisoned (-3 -> -4), flying, studying Necromancy
A: large, unfitting armour, claws 3, regeneration 1, shaggy fur 1, tough skin 1
a: Renounce Religion, Heroism


You were on level 5 of the Dungeon.
You worshipped Okawaru.
Okawaru was aware of your devotion.
You visited 2 branches of the dungeon, and saw 6 of its levels.

You collected 1335 gold pieces.

Inventory:

Hand Weapons
 a - a +1 flail
 k - a +5 club (weapon)
 q - a +0 giant club
Armour
 b - a +0 robe (worn)
 c - a +1 kite shield (worn)
Jewellery
 o - a ring of flight (left claw)
 p - an amulet of faith (around neck)
Wands
 n - a wand of flame (18)
 w - a wand of iceblast (18)
Scrolls
 e - 2 scrolls of amnesia
 g - 5 scrolls of magic mapping
 i - a scroll of summoning
 t - a scroll of teleportation {unknown}
 u - a scroll of fog {unknown}
Potions
 d - 2 potions of might
 f - 5 potions of heal wounds
 h - 4 potions of curing
 j - a potion of berserk rage
 l - a potion of brilliance {unknown}
 m - a potion of haste {unknown}
 r - a potion of invisibility
 s - a potion of lignification {unknown}
 v - a potion of magic


   Skills:
 + Level 3.9 Fighting
 + Level 5.3 Maces & Flails
 + Level 4.4 Dodging
 + Level 0.4 Stealth
 + Level 4.6 Shields


You had 7 spell levels left.
You didn't know any spells.
Your spell library contained the following spells:

 Spells                   Type           Power      Damage    Failure   Level
 Corpse Rot               Necr/Air       0%         N/A       89%         2
 Dispel Undead            Necr           0%         3d6       100%        4
 Death Channel            Necr           Unusable   N/A       N/A         6

Dungeon Overview and Level Annotations

Branches:
Dungeon (5/15)             Temple (1/1) D:4

Altars:
Cheibriados
Gozag
Makhleb
Okawaru
Qazlal
Xom
Zin

Shops:
D:1 :=(   D:5 [

Annotations:
D:5 Pikel


Innate Abilities, Weirdness & Mutations

You are too large for most types of armour.
You have claws for hands.
Your natural rate of healing is unusually fast.
You are covered in fur. (AC +1)
You have tough skin. (AC +1)


Message History

You barely miss the water moccasin.
The water moccasin is severely wounded.
You feel sick. The water moccasin bites you!
You are more poisoned.
The water moccasin poisons you!
Pikel cracks his whip.
You closely miss the water moccasin.
The water moccasin is severely wounded.
You feel very sick. The water moccasin bites you.
You are more poisoned.
The water moccasin poisons you! The water moccasin closely misses you.
You sock the water moccasin!
You kill the water moccasin!
Okawaru is honoured by your kill.
You feel very sick.
You have reached level 8!
You miss Pikel.
You feel very sick.
Pikel hits you with a +0 whip of electrocution!
* * * LOW HITPOINT WARNING * * *
You hit Pikel.
Pikel is lightly wounded.
You feel very sick. Pikel barely misses you.
You hit Pikel.
Pikel is moderately wounded.
You feel very sick.
Pikel hits you with a +0 whip of electrocution!
* * * LOW HITPOINT WARNING * * *
You hit Pikel.
Pikel is moderately wounded.
You feel sick. You block Pikel's attack.
You closely miss Pikel.
Pikel is moderately wounded.
You feel sick.
Pikel hits you with a +0 whip of electrocution.
* * * LOW HITPOINT WARNING * * *
Pikel hits you with a +0 whip of electrocution.
You die...

### .. #.
#####.#######
#......K@...#
####.#.###..##.#.#
#ยง...........#.#
#.#######......#
#.## ##...#.....
.. ... #..####.##
.###.#. #..# #
.###.#.# #..#
.##..# # #...


You could see Pikel.

Vanquished Creatures
  Prince Ribbit (D:5)
  A water moccasin (D:5)
  A sky beast (D:5)
  An ogre (D:4)
  4 lemures (D:5)
  A phantom (D:5)
  A bullfrog (D:4)
  A jelly (D:4)
  A hound (D:4)
  Jessica (D:3)
  3 iguanas
  Ijyb (D:3)
  An orc wizard (D:5)
  6 gnolls (D:4)
  7 adders
  2 ufetubi (D:5)
  A worm (D:2)
  2 dart slugs
  15 orcs
  7 bats
  10 endoplasms
  2 giant cockroaches (D:4)
  5 goblins
  7 hobgoblins
  6 jackals (D:5)
  10 kobolds
  7 quokkas
  9 ball pythons
  5 rats
119 creatures vanquished.

Vanquished Creatures (others)
  11 plants (D:4)
11 creatures vanquished.

Grand Total: 130 creatures vanquished

Notes
Turn   | Place    | Note
-------+----------+-------------------------------------------
     0 | D:1      | Jortsu the Troll Fighter began the quest for the Orb.
     0 | D:1      | Reached XP level 1. HP: 22/22 MP: 0/0
    14 | D:1      | Found Liplac's Jewellery Boutique.
   125 | D:1      | Found Otziurgha's Book Boutique.
   390 | D:1      | Reached XP level 2. HP: 27/29 MP: 1/1
   584 | D:1      | Reached skill level 2 in Maces & Flails
   793 | D:1      | Found Woamoiq's Weapon Boutique.
  1060 | D:2      | Reached XP level 3. HP: 36/36 MP: 2/2
  1379 | D:2      | Reached XP level 4. HP: 44/44 MP: 3/3
  1875 | D:3      | Noticed Jessica
  1886 | D:3      | Killed Jessica
  1887 | D:3      | Reached skill level 3 in Maces & Flails
  2298 | D:3      | Reached XP level 5. HP: 44/52 MP: 4/4
  2353 | D:3      | Noticed Ijyb
  2371 | D:3      | Killed Ijyb
  2588 | D:4      | Noticed an ogre
  2594 | D:5      | Entered Level 5 of the Dungeon
  2731 | D:4      | Killed an ogre
  2732 | D:4      | Reached XP level 6. HP: 41/61 MP: 5/5
  2839 | D:4      | Found a staircase to the Ecumenical Temple.
  2871 | Temple   | Entered the Ecumenical Temple
  2878 | Temple   | Became a worshipper of Warmaster Okawaru
  3007 | D:4      | Reached skill level 4 in Maces & Flails
  3118 | D:4      | Reached XP level 7. HP: 29/67 MP: 6/6
  3480 | D:4      | Identified a scroll of acquirement
  3480 | D:4      | Acquired 996 gold pieces
  3647 | D:5      | Found Elag's Armour Boutique.
  4081 | D:5      | Reached * piety under Okawaru
  4095 | D:5      | Noticed Prince Ribbit
  4104 | D:5      | Killed Prince Ribbit
  4105 | D:5      | Reached skill level 5 in Maces & Flails
  4177 | D:5      | Noticed Pikel
  4197 | D:5      | Reached XP level 8. HP: 32/78 MP: 7/7
  4201 | D:5      | HP: 3/78 [Pikel/+0 whip of electrocution (5)]
  4201 | D:5      | Slain by Pikel

Illustrated notes

Levels and vault maps discovered:
D:1:      roderic_octagonal_star, layout_basic, serial_shops,
          nicolae_shop_hallway_stairs, nicolae_shop_trees, shop,
          dk_noncrumbling_2
D:2:      layout_basic
D:3:      layout_rooms, minmay_misc_feat_encased, uniq_jessica, uniq_ijyb
D:4:      layout_rooms, minmay_temple_entry_glassed_door, serial_forest,
          infiniplex_forest_clump_small, infiniplex_forest_lined_3,
          infiniplex_forest_end_double, infiniplex_forest_3_way,
          infiniplex_forest_clump_C, infiniplex_forest_end_2
D:5:      layout_loops_corners, serial_shops, nicolae_diamond_shop, uniq_pikel,
          uniq_prince_ribbit1
Temple:   compressed_dpeg_circular_temple

Skill      XL: |  1  2  3  4  5  6  7 |
---------------+----------------------+-----
Maces & Flails | 2 3 4 5 |  5.3
Dodging        | 3 4 |  4.4
Fighting       | 3 |  3.9
Shields        | 3 4 |  4.6
Stealth        | |  0.4

Action                   |  1- 3 |  4- 6 |  7- 9 || total
-------------------------+-------+-------+-------++-------
Melee: Flail             |   124 |    53 |       ||   177
       Club              |       |   169 |   168 ||   337
  Use: Scroll            |     2 |     5 |     4 ||    11
       Potion            |       |       |     1 ||     1
Armor: Robe              |    60 |    82 |    36 ||   178
Dodge: Dodged            |    50 |   120 |    51 ||   221
Block: Kite shield       |    63 |   111 |    69 ||   243

Table legend: (Time is in decaauts)
 A = Elapsed time spent in this place.
 B = Non-inter-level travel time spent in this place.
 C = Inter-level travel time spent in this place.
 D = Time resting spent in this place.
 E = Time spent auto-exploring this place.
 F = Levels seen in this place.
 G = Mean time per level.
                   A        B        C        D        E       F      G
               +--------+--------+--------+--------+--------+-----+--------+
         Total |   4354 |   4292 |     62 |    396 |   2495 |   6 |  725.7 |
       Dungeon |   4339 |   4277 |     62 |    396 |   2495 |   5 |  867.8 |
        Temple |     14 |     14 |      0 |      0 |      0 |   1 |   14.0 |
               +--------+--------+--------+--------+--------+-----+--------+

Top non-repeatable levels by time:
     D:1: 1027 daAuts
     D:5: 906 daAuts
     D:2: 826 daAuts
     D:4: 791 daAuts
     D:3: 788 daAuts
  Temple: 14 daAuts
